AoeStats
← GGHatchet

Arena

505963352Analyzed
4v4 RM · 21d ago on Sep 11, 2026· 50m 51s· 8 players
Game mode
Random Map
Map size
Large (8 player)
Population
200
Speed
Normal
Resources
Standard
Victory
Conquest
Starting age
Dark Age
Ending age
Imperial Age
RankedLock teamsTeams togetherTeam positionsShared explorationLock speedFull tech treeHidden civsTurbo modeCheats
Victory
Defeat
🇲🇽 Italians · Mexico
1246
+15
🇺🇸 Bohemians · United States
1189
+17
🇺🇸 Saracens · United States
1179
+18
🇺🇸 Sicilians · United States
1169
+17
1229
-17
🇺🇸 Koreans · United States
1224
-17
🇩🇪 Vietnamese · Germany
1212
-17
🇸🇪 Khmer · Sweden
1192
-16
Shotzsik
9:42 Loom
11:28 Feudal Age
16:46 Castle Age
15:44 Stone Mining
16:33 Double-Bit Axe
17:23 Fletching
21:26 Bodkin Arrow
22:43 Eupseong
24:56 Ballistics
25:57 Horse Collar
32:07 Imperial Age
32:52 Bracer
32:41 Arrowslits
32:40 Treadmill Crane
33:29 Masonry
35:08 Chemistry
34:19 Murder Holes
37:17 Architecture
37:13 Fortified Wall
Mo...
10:38 Feudal Age
16:05 Castle Age
14:34 Double-Bit Axe
14:41 Horse Collar
17:08 Bow Saw
17:33 Heavy Plow
17:57 Fletching
18:08 Padded Archer Armor
19:15 Loom
21:54 Gold Mining
23:28 Wheelbarrow
22:39 Town Watch
23:30 Leather Archer Armor
23:44 Crossbowman
25:14 Bodkin Arrow
25:33 Treadmill Crane
26:21 Hand Cart
30:02 Imperial Age
28:28 Thumb Ring
28:38 Town Patrol
29:16 Ballistics
29:07 Fortified Wall
30:13 Caravan
30:31 Arbalester
32:19 Siege Engineers
33:27 Chemistry
32:29 Bracer
32:59 Ring Archer Armor
34:13 Paper Money
35:51 Two-Man Saw
35:22 Crop Rotation
39:56 Elite Skirmisher
43:12 Scale Barding Armor
43:17 Forging
43:11 Chatras
49:15 Imperial Skirmisher
KiFQiT - Joseph Vissarionovitch
10:47 Feudal Age
14:53 Castle Age
13:22 Double-Bit Axe
14:03 Horse Collar
16:10 Bow Saw
16:01 Heavy Plow
22:13 Wheelbarrow
22:44 Gold Mining
23:49 Loom
23:59 Fletching
25:37 Bodkin Arrow
25:44 Padded Archer Armor
26:09 Hand Cart
26:41 Town Watch
27:18 Leather Archer Armor
27:10 Scale Barding Armor
27:16 Forging
27:53 Nomads
28:40 Bloodlines
28:31 Husbandry
31:47 Imperial Age
31:53 Imperial Age
30:37 Iron Casting
31:05 Light Cavalry
32:06 Chain Barding Armor
33:00 Conscription
32:30 Heavy Scorpion
33:25 Thumb Ring
34:05 Gold Shaft Mining
34:28 Drill
33:49 Capped Ram
35:55 Bracer
37:12 Chemistry
36:33 Ballistics
36:23 Siege Ram
38:06 Elite Mangudai
40:19 Parthian Tactics
40:46 Hoardings
42:04 Hussar
44:13 Blast Furnace
43:33 Onager
BIZZ9 | Zerkanoo
5:06 Loom
12:39 Feudal Age
15:35 Castle Age
14:17 Double-Bit Axe
17:16 Bow Saw
23:06 Horse Collar
28:02 Imperial Age
27:06 Wheelbarrow
28:45 Fortified Wall
28:58 Capped Ram
30:03 Double Crossbow
30:43 Heavy Scorpion
31:44 Heavy Plow
32:25 Conscription
32:50 Ballistics
35:19 Tusk Swords
35:54 Hoardings
35:33 Bloodlines
35:24 Husbandry
37:27 Scale Barding Armor
37:33 Forging
36:48 Light Cavalry
37:33 Hussar
39:59 Chain Barding Armor
41:32 Hand Cart
43:40 Masonry
46:48 Architecture
49:06 Cavalier
GGHatchet
10:38 Feudal Age
13:24 Loom
15:53 Castle Age
13:44 Loom
14:06 Double-Bit Axe
14:19 Horse Collar
17:09 Wheelbarrow
16:57 Bow Saw
20:47 Forging
21:58 Bloodlines
22:06 Heavy Plow
24:13 Town Watch
26:21 Scale Barding Armor
26:36 Bloodlines
27:07 Gold Mining
29:33 Hand Cart
32:15 Imperial Age
29:49 Husbandry
30:12 Chain Barding Armor
31:07 Iron Casting
31:57 Fletching
32:01 Stone Mining
33:18 Conscription
34:01 Plate Barding Armor
34:27 Blast Furnace
32:48 Heavy Camel Rider
34:10 Bodkin Arrow
38:05 Two-Man Saw
36:49 Light Cavalry
37:23 Elite Skirmisher
38:39 Treadmill Crane
39:12 Padded Archer Armor
40:17 Chemistry
39:39 Ballistics
40:11 Hussar
42:20 Leather Archer Armor
47:13 Ring Archer Armor
46:44 Bracer
...
12:26 Feudal Age
13:12 Double-Bit Axe
13:09 Horse Collar
13:25 Gold Mining
14:05 Loom
21:37 Castle Age
21:34 Stone Mining
21:59 Forging
23:07 Heavy Plow
26:15 Wheelbarrow
26:39 Bow Saw
29:01 Hand Cart
31:26 Bloodlines
33:55 Imperial Age
32:51 Gold Shaft Mining
33:12 Scale Barding Armor
33:08 Scale Mail Armor
33:44 Iron Casting
34:11 Husbandry
34:36 Chain Barding Armor
35:49 First Crusade
35:35 Hauberk
34:53 Cavalier
36:18 Chain Mail Armor
37:03 Blast Furnace
37:05 Conscription
37:27 Plate Barding Armor
37:00 Elite Serjeant
40:07 Plate Barding Armor
40:32 Blast Furnace
39:37 Onager
47:08 Plate Mail Armor
48:16 Elite Skirmisher
49:09 Light Cavalry
Tupeck
0:29 Loom
10:22 Feudal Age
16:15 Castle Age
14:17 Double-Bit Axe
14:52 Horse Collar
18:12 Heavy Plow
27:14 Imperial Age
24:43 Gold Mining
25:24 Town Watch
26:49 Bow Saw
26:40 Fletching
27:28 Bodkin Arrow
30:01 Conscription
32:29 Stone Mining
33:42 Chemistry
32:23 Treadmill Crane
32:47 Scale Mail Armor
32:50 Squires
32:36 Arson
33:42 Hoardings
33:55 Forging
34:22 Wheelbarrow
37:32 Ballistics
38:41 Chain Mail Armor
39:09 Bracer
39:44 Iron Casting
41:00 Plate Mail Armor
40:31 Padded Archer Armor
40:36 Pikeman
43:02 Blast Furnace
42:08 Scale Barding Armor
43:03 Hand Cart
43:42 Leather Archer Armor
45:05 Town Patrol
45:33 Masonry
45:24 Elite Genoese Crossbowman
47:10 Chain Barding Armor
47:20 Ring Archer Armor
47:44 Cavalier
48:25 Husbandry
48:36 Bloodlines
47:46 Light Cavalry
49:16 Hussar
bailey
10:23 Feudal Age
14:37 Castle Age
12:37 Double-Bit Axe
13:37 Horse Collar
15:45 Bow Saw
21:15 Wheelbarrow
22:54 Hand Cart
23:09 Heavy Plow
24:35 Fervor
28:18 Imperial Age
27:52 Chemistry
28:33 Padded Archer Armor
28:33 Houfnice
29:47 Siege Engineers
31:08 Two-Man Saw
31:38 Fortified Wall
34:14 Wagenburg Tactics
34:29 Conscription
34:31 Leather Archer Armor
34:06 Fletching
34:19 Pikeman
34:59 Squires
35:36 Elite Skirmisher
37:17 Scale Mail Armor
37:33 Treadmill Crane
38:13 Halberdier
41:20 Chain Mail Armor
41:28 Arson
42:27 Murder Holes
43:11 Plate Mail Armor
44:06 Forging
44:10 Masonry
45:27 Bodkin Arrow
46:03 Ring Archer Armor
46:26 Architecture
46:17 Ballistics
46:31 Architecture
49:09 Bracer
49:54 Sappers
Connection lost

Rejoining the realm…

Still unreachable

The connection could not be restored.

Session expired

The server has moved on; the page needs a fresh start.